 Dungeon Crawl Stone Soup version 0.22.1-2-g9c5b331 (webtiles) character file.

4 Goblin1989 the Sneak (level 1, 0/14 HPs)
             Began as an Octopode Assassin on Dec 11, 2018.
             Slain by a kobold (4 damage)
             ... on level 1 of the Dungeon.
             The game lasted 00:00:20 (55 turns).

Goblin1989 the Sneak (Octopode Assassin)              Turns: 55, Time: 00:00:21

Health: 0/14       AC:  1    Str: 10    XL:     1   Next: 60%
Magic:  1/1        EV: 13    Int: 13    God:
Gold:   30         SH:  0    Dex: 13    Spells: 0/0 levels left

rFire    . . .     SeeInvis .   a - +2 dagger
rCold    . . .     Gourm    .   (no shield)
rNeg     . . .     Faith    .   (helmet restricted)
rPois    .         Spirit   .   (no amulet)
rElec    .         Reflect  .   (no ring)
rCorr    .         Harm     .   (no ring)
MR       .....                  (no ring)
Stlth    ++++......             (no ring)
HPRegen  0.04/turn              (no ring)
MPRegen  0.07/turn              (no ring)
                                (no ring)
                                (no ring)

@: no status effects
A: almost no armour, stealthy swim, amphibious, 8 rings, constrict 8, camouflage
1, gelatinous body 1
a: no special abilities


You were on level 1 of the Dungeon.
You were not hungry.

You visited 1 branch of the dungeon, and saw 1 of its levels.

You collected 30 gold pieces.

Inventory:

Hand Weapons
 a - a +2 dagger (weapon)
 w - a +0 blowgun {@w1}
Missiles
 c - 8 poisoned needles
 d - 2 curare-tipped needles
Potions
 v - a potion of haste {unknown}
 x - a potion of heal wounds {unknown}
Comestibles
 e - a ration
 u - a chunk of flesh


   Skills:
 - Level 2.0 Fighting
 - Level 2.0 Short Blades
 - Level 2.0 Throwing
 - Level 1.0 Dodging
 + Level 5.7 Stealth


You couldn't memorise any spells.
You didn't know any spells.
Your spell library was empty.

Dungeon Overview and Level Annotations

Branches:
Dungeon (1/15)

Altars:


Innate Abilities, Weirdness & Mutations

You cannot wear most types of armour.
You are very stealthy in the water. (Stealth+)
You are amphibious.
You can wear up to eight rings at the same time.
You can use your tentacles to constrict eight enemies at once.
Your skin changes colour to match your surroundings (Stealth+).
Your rubbery body absorbs attacks. (AC +1, EV +1)


Message History

w - a +0 blowgun;
e - a ration Welcome, Goblin1989 the Octopode Assassin.
The bosom of this dungeon contains the fabled artefact, the Orb of Zot.
Press ? for a list of commands and other information.
Found a staircase leading out of the dungeon.
You now have 16 gold pieces.
x - a bubbling silvery potion You now have 30 gold pieces (gained 14).
v - a black potion A frilled lizard comes into view.
A frilled lizard is nearby!
The frilled lizard hisses angrily.
You hit the frilled lizard. You grab the frilled lizard.
The frilled lizard is heavily wounded.
You constrict the frilled lizard.
You kill the frilled lizard!
No target in view!
No target in view!
You butcher the frilled lizard corpse.
u - a chunk of flesh
Found a stone staircase leading down.
You open the door.
A leopard gecko comes into view.
There is an open door here.
The helpless leopard gecko fails to defend itself.
You impale the leopard gecko!!
You kill the leopard gecko!
No target in view!
No target in view! 2 kobolds come into view.
There are monsters nearby!
The kobold shouts! x2
The kobold throws a stone.
The stone barely misses you.
The kobold throws a stone.
The stone hits you.
You hear a shout!
You see here a stone.
You take 3 damage, and have 11/14 hp.
MASSIVE DAMAGE!!
A hobgoblin comes into view. It is wielding a club.
The kobold throws a stone.
The stone hits you.
The kobold throws a stone.
The stone barely misses you.
You see here a stone.
You take 1 damage, and have 10/14 hp.
The kobold throws a stone.
The stone hits you.
You see here a stone.
You take 1 damage, and have 9/14 hp.
You closely miss the kobold. Your grab misses the kobold.
The kobold barely misses you.
You barely miss the kobold. You grab the kobold.
Your squeeze misses the kobold. You constrict the kobold.
The kobold misses you. The kobold hits you with a whip.
* * * LOW HITPOINT WARNING * * *
You take 4 damage, and have 5/14 hp.
MASSIVE DAMAGE!!
You are too injured to fight recklessly!
You are too injured to fight recklessly!
You are too injured to fight recklessly!
You are too injured to fight recklessly!
You hit the kobold.
You kill the kobold!
You constrict the kobold. The kobold hits you.
* * * LOW HITPOINT WARNING * * *
You take 1 damage, and have 4/14 hp.
You release your grip on the kobold.
The kobold hits you.
You die...

.....█ ......█
......█ █.....█
███████.....
.████........█▲█
.......K.......█
.......@(((..(.██
........g██..(..█
.........██.....█
.█.████.........█
.. █.██████∆██ .
..█ █.█████████
...█ █....██....
...█ ██.█....██.
█>█.████..


You could see a hobgoblin and a kobold.

Vanquished Creatures
  A leopard gecko (D:1)
  A kobold (D:1)
  A frilled lizard (D:1)
3 creatures vanquished.

Notes
Turn   | Place    | Note
-------+----------+-------------------------------------------
     0 | D:1      | Goblin1989 the Octopode Assassin began the quest for the
                  | Orb.
     0 | D:1      | Reached XP level 1. HP: 14/14 MP: 1/1
    55 | D:1      | Slain by a kobold

Action                   || total
-------------------------++-------
Melee: Dagger            ||     5
       Constrict         ||     2
 Stab: Sleeping          ||     1
Dodge: Dodged            ||     4

Vault maps used:
D:1:      eino_arrival_cavern_a, minivault_4, lemuel_another_geyser
